 Dungeon Sprint DCSS version 0.28-a0-1033-g1a2f33fa85 (webtiles) character file.

Game seed: 17321670000022467344

260 ytrimaz the Protected (level 6, -9/57 HPs)
             Began as a Formicid Fighter on Dec 7, 2021.
             Mangled by a slime creature (16 damage)
             ... in the Dungeon (Sprint I: "Red Sonja").
             The game lasted 00:00:30 (69 turns).

ytrimaz the Protected (Formicid Fighter)              Turns: 69, Time: 00:00:31

Health: -9/57      AC:  8    Str: 22    XL:     6   Next: 41%
Magic:  6/6        EV: 10    Int:  8    God:
Gold:   162        SH:  4    Dex: 10    Spells: 5/5 levels left

rFire   . . .      SeeInvis +   a - +0 war axe
rCold   . . .      Faith    .   c - +0 buckler
rNeg    . . .      Spirit   .   b - +0 scale mail
rPois   .          Reflect  .   (helmet unavailable)
rElec   .          Harm     .   (no cloak)
rCorr   .          Rampage  .   (no gloves)
Will    .....                   (no boots)
Stlth   ..........              (no amulet)
HPRegen 0.19/turn               (no ring)
MPRegen 0.10/turn               (no ring)

@: no status effects
A: permanent stasis, dig shafts and tunnels, antennae 3, four strong arms
a: Dig


You were in the Dungeon.
You visited 1 branch You collected 162 gold pieces.

Inventory:

Hand Weapons
 a - a +0 war axe (weapon)
Armour
 b - a +0 scale mail (worn)
 c - a +0 buckler (worn)
Potions
 d - a potion of might
 e - a potion of curing
 f - a potion of heal wounds
 g - 2 potions of magic


   Skills:
 + Level 8.8 Fighting
 + Level 6.3 Axes
 + Level 9.0 Armour
 - Level 3.6 Shields
 + Level 1.2 Evocations


You had 5 spell levels left.
You didn't know any spells.
Your spell library was empty.

Dungeon Overview and Level Annotations

Branches:
Dungeon (1/1)

Altars:
Makhleb
Xom
Jiyva
Lugonu


Innate Abilities, Weirdness & Mutations

You cannot be hasted, slowed, berserked, paralysed or teleported.
You can dig through walls and to a lower floor.
You have a pair of large antennae on your head. (SInv)
Your four strong arms can wield two-handed weapons with a shield.


Message History

You slash the slime creature!
The slime creature is heavily wounded.
The slime creature hits you but does no damage.
You hit the slime creature.
The slime creature is heavily wounded.
The slime creature barely misses you.
You hit the slime creature.
The slime creature is heavily wounded.
The slime creature hits you but does no damage.
You hit the slime creature.
The slime creature is severely wounded.
You block the slime creature's attack.
You barely miss the slime creature.
The slime creature is heavily wounded.
The slime creature hits you.
* * * LOW HITPOINT WARNING * * *
You barely miss the slime creature.
The slime creature is heavily wounded.
The slime creature hits you but does no damage.
You block the slime creature's attack.
You hit the slime creature but do no damage.
The slime creature is heavily wounded.
The slime creature hits you!
* * * LOW HITPOINT WARNING * * *
You hit the slime creature but do no damage.
The slime creature is heavily wounded.
The slime creature barely misses you.
Unknown command.
You hit the slime creature but do no damage.
The slime creature is heavily wounded.
The slime creature hits you but does no damage.
Unknown command.
You slash the slime creature!
The slime creature is severely wounded.
The slime creature barely misses you.
Unknown command.
You slash the slime creature!
The slime creature is almost dead.
The slime creature hits you!
You die...

###################
#<.#.))..#..'..#__#
#..'..#..').#..@J.+
#..#####'#####+#__#
#..# #..# ### #..#
#### { #..# #⌠⌠# {
{ #### {


You could see a slime creature.

Vanquished Creatures
  Sigmund (D)
  An ogre (D)
  Ijyb (D)
3 creatures vanquished.

Notes
Turn   | Place    | Note
-------+----------+-------------------------------------------
     0 | D        | ytrimaz the Formicid Fighter began the quest for the Orb.
     0 | D        | Reached XP level 1. HP: 18/18 MP: 1/1
     1 | D        | Noticed Ijyb
    13 | D        | Killed Ijyb
    14 | D        | Reached skill level 5 in Fighting
    14 | D        | Reached skill level 5 in Armour
    14 | D        | Reached XP level 2. HP: 22/27 MP: 2/2
    14 | D        | Reached XP level 3. HP: 27/33 MP: 3/3
    16 | D        | Noticed an ogre
    21 | D        | Killed an ogre
    22 | D        | Reached skill level 7 in Armour
    22 | D        | Reached XP level 4. HP: 37/43 MP: 4/4
    22 | D        | Reached XP level 5. HP: 41/48 MP: 5/5
    32 | D        | Noticed Sigmund
    37 | D        | Killed Sigmund
    38 | D        | Reached skill level 9 in Armour
    38 | D        | Reached skill level 1 in Evocations
    38 | D        | Reached XP level 6. HP: 45/57 MP: 6/6
    51 | D        | Found a burning altar of Makhleb.
    51 | D        | Found a viscous altar of Jiyva.
    51 | D        | Found a shimmering altar of Xom.
    51 | D        | Found a corrupted altar of Lugonu.
    51 | D        | Noticed a slime creature
    69 | D        | Mangled by a slime creature

Illustrated notes

Levels and vault maps discovered:
D:        dungeon_sprint_1 [red_sonja_temple_1, red_sonja_temple_small_1]

Skill      XL: |  1  2  3  4  5 |
---------------+----------------+-----
Fighting       | 5 7 8 |  8.8
Axes           | 3 4 6 |  6.3
Armour         | 5 7 9 |  9.0
Evocations     | 1 |  1.2
Shields        | |  3.6

Action                   |  1- 3 |  4- 6 || total
-------------------------+-------+-------++-------
Melee: War axe           |    13 |    21 ||    34
Evoke: Wand              |     2 |       ||     2
 Stab: Paralysed         |     3 |       ||     3
Armor: Scale mail        |     3 |     4 ||     7
Dodge: Dodged            |     1 |     9 ||    10
Block: Buckler           |     2 |     3 ||     5

Table legend: (Time is in decaauts)
 A = Elapsed time spent in this place.
 B = Non-inter-level travel time spent in this place.
 C = Inter-level travel time spent in this place.
 D = Time resting spent in this place.
 E = Time spent auto-exploring this place.
 F = Levels seen in this place.
 G = Mean time per level.
                   A        B        C        D        E       F      G
               +--------+--------+--------+--------+--------+-----+--------+
         Total |     77 |     77 |      0 |      0 |      0 |   1 |   77.0 |
       Dungeon |     77 |     77 |      0 |      0 |      0 |   1 |   77.0 |
               +--------+--------+--------+--------+--------+-----+--------+

Top non-repeatable levels by time:
       D: 77 daAuts
